 Dungeon Crawl Stone Soup version 0.29-a0-111-gbaf749a769 (webtiles) character file.

Game seed: 1696480326490581041

351 siradein the Skirmisher (level 6, -8/34 HPs)
             Began as a Vine Stalker Fighter on Feb 18, 2022.
             Killed by divine providence
             ... invoked by an orc priest
              (14 damage)
             ... on level 5 of the Dungeon.
             The game lasted 00:07:56 (3097 turns).

siradein the Skirmisher (Vine Stalker Fighter)      Turns: 3097, Time: 00:07:58

Health: -8/34      AC: 11    Str: 19    XL:     6   Next: 61%
Magic:  0/7        EV:  5    Int:  8    God:
Gold:   232        SH:  5    Dex: 15    Spells: 5/5 levels left

rFire   . . .      SeeInvis .   h - +3 war axe (distort)
rCold   . . .      Faith    .   c - +0 buckler
rNeg    + . .      Spirit   +   p - +0 plate armour
rPois   .          Reflect  .   (no helmet)
rElec   .          Harm     .   (no cloak)
rCorr   .          Rampage  .   (no gloves)
Will    .....                   (no boots)
Stlth   ..........              (no amulet)
HPRegen 0.91/turn               t - ring of positive energy
MPRegen 0.10/turn               (no ring)

@: no status effects
A: fangs 2, regeneration 1, magic shield, antimagic bite, no potion heal 2
a: no special abilities


You were on level 5 of the Dungeon.
You visited 1 branch of the dungeon, and saw 5 of its levels.

You collected 232 gold pieces.

Inventory:

Hand Weapons
 a - a +0 flail
 h - a +3 war axe of distortion (weapon)
Missiles
 e - 3 poisoned darts (quivered)
Armour
 c - a +0 buckler (worn)
 p - a +0 plate armour (worn)
Jewellery
 t - a ring of positive energy (left hand)
Scrolls
 f - 2 scrolls of identify {unknown}
 g - a scroll of torment {unknown}
 i - a scroll of immolation {unknown}
 k - a scroll of fear {unknown}
 l - a scroll of vulnerability {unknown}
 m - a scroll of silence {unknown}
 o - 2 scrolls of teleportation {unknown}
 r - 3 scrolls of fog {unknown}
Potions
 b - 3 potions of curing {unknown}
 d - a potion of might
 j - a potion of flight {unknown}
 n - 2 potions of berserk rage {unknown}
 q - a potion of magic {unknown}
 s - a potion of heal wounds {unknown}


   Skills:
 * Level 4.4 Fighting
 + Level 3.2 Maces & Flails
 + Level 3.4 Armour
 + Level 3.8 Shields


You had 5 spell levels left.
You didn't know any spells.
Your spell library contained the following spells:

 Spells                   Type           Power      Damage    Failure   Level
 Animate Skeleton         Necr           0%         N/A       100%        1
 Pain                     Necr           0%         1d4       100%        1
 Frozen Ramparts          Ice            0%         1d2       100%        3
 Vampiric Draining        Necr           0%         2d6       100%        3
 Ice Form                 Ice/Tmut       0%         N/A       100%        4
 Summon Ice Beast         Ice/Summ       0%         N/A       100%        4


Dungeon Overview and Level Annotations

Branches:
Dungeon (5/15)
 Temple: D:4-7

Altars:

Shops:
D:1 *


Innate Abilities, Weirdness & Mutations

You have extremely sharp teeth.
Your natural rate of healing is unusually fast.
When hurt, damage is shared between your health and your magic reserves.
Your bite disrupts and absorbs the magic of your enemies.
Potions cannot restore your health.


Message History

You hear some strange, mumbled words.
You are more confused.
You barely miss the orc. You miss something.
The orc hits you but does no damage.
An orc priest comes into view. It is wielding a +0 flail.
You bump into the rock wall.
The orc barely misses you. Something hits you but does no damage.
You closely miss something. You barely miss the orc.
The orc hits you with a +0 flail! Something hits you but does no damage.
You bump into the rock wall.
The orc barely misses you. Something hits you but does no damage.
You bump into the rock wall.
The orc hits you but does no damage.
You hear some strange, mumbled words.
Something tries to affect you, but you resist.
You slash the orc!
You kill the orc!
You completely miss something. Something hits you but does no damage.
The orc priest mumbles some strange prayers to Beogh against you.
Something hits you.
You bump into the rock wall.
You feel less confused.
The orc priest invokes the aid of Beogh against you.
Beogh smites you!
You hear some strange, mumbled words.
Something tries to affect you, but you resist.
The orc priest looks satisfied for a moment.
You hear some strange, mumbled words.
Something tries to affect you, but you resist.
The orc priest calls down the wrath of Beogh upon you.
You miss something.
Something hits you but does no damage. x2
The orc priest invokes the aid of Beogh against you.
Beogh smites you!
You closely miss something. Something hits you but does no damage.
The orc priest mumbles some strange prayers to Beogh against you.
Beogh smites you!
* * * LOW HITPOINT WARNING * * *
You miss something. Something hits you but does no damage.
The orc priest mumbles some strange prayers to Beogh against you.
Beogh smites you!
You die...

. .......<........#
#.. ##..##.####.[####
#..###..#.#.###..#
##......>.###.....# .
........#.#.####.#
#.###................#
#......####.#...####.#
#.....)####.##.#####.#
#..)o{@...........#
###################


You could see an orc priest.

Vanquished Creatures
  A bullfrog zombie (D:5)
  A jelly (D:4)
  2 orc priests (D:3)
  A centaur skeleton (D:3)
  2 orc wizards (D:3)
  8 adders
  An ufetubus (D:4)
  A dart slug (D:1)
  8 orcs
  4 ball pythons
  11 endoplasms
  3 giant cockroaches
  7 goblins
  4 hobgoblins
  A jackal (D:1)
  3 quokkas
  5 bats
  7 frilled lizards
  3 kobolds
  2 rats
75 creatures vanquished.

Notes
Turn   | Place    | Note
-------+----------+-------------------------------------------
     0 | D:1      | siradein the Vine Stalker Fighter began the quest for the
                  | Orb.
     0 | D:1      | Reached XP level 1. HP: 11/11 MP: 2/2
   217 | D:1      | Reached XP level 2. HP: 13/16 MP: 3/3
   399 | D:1      | Found Laza's Assorted Antiques.
  1093 | D:2      | Found a faded altar of an unknown god.
  1114 | D:2      | Reached skill level 3 in Fighting
  1114 | D:2      | Reached XP level 3. HP: 3/20 MP: 1/4
  1120 | D:2      | HP: 1/20 [frozen (2)]
  1142 | D:2      | HP: 1/20 [frozen (1)]
  1762 | D:2      | Gained mutation: Your natural rate of healing is unusually
                  | fast. [Vine Stalker growth]
  1762 | D:2      | Reached XP level 4. HP: 23/24 MP: 5/5
  2044 | D:3      | Reached XP level 5. HP: 20/28 MP: 6/6
  2159 | D:3      | Reached skill level 4 in Fighting
  2159 | D:3      | Reached XP level 6. HP: 32/33 MP: 5/7
  3047 | D:5      | Entered Level 5 of the Dungeon
  3097 | D:5      | Killed from afar by an orc priest

Illustrated notes

Levels and vault maps discovered:
D:1:      nicolae_arrival_memento_mori, layout_loops_cross, serial_shops, shop,
          minmay_tetromino_l4
D:2:      layout_rooms, hellmonk_ecumenical_altar_zigzags,
          chequers_serial_rivers_marsh
D:3:      cheibrodos_pilgrimage, layout_rooms
D:4:      layout_basic, st_stairs_12, minmay_misc_feat_rows
D:5:      layout_loops_ring, minmay_temple_entry_trees, uniq_duvessa,
          uniq_menkaure

Skill      XL: |  1  2  3  4  5 |
---------------+----------------+-----
Maces & Flails | 2 3 |  3.2
Shields        | 3 |  3.8
Fighting       | 3 4 |  4.4
Armour         | 3 |  3.4

Action                   |  1- 3 |  4- 6 || total
-------------------------+-------+-------++-------
Melee: Flail             |    64 |       ||    64
       Bite              |    12 |    14 ||    26
       War axe           |    21 |    73 ||    94
Armor: Scale mail        |     8 |       ||     8
       Chain mail        |    69 |    35 ||   104
       Plate armour      |       |    16 ||    16
Dodge: Dodged            |    35 |    27 ||    62
Block: Buckler           |    24 |    23 ||    47

Table legend: (Time is in decaauts)
 A = Elapsed time spent in this place.
 B = Non-inter-level travel time spent in this place.
 C = Inter-level travel time spent in this place.
 D = Time resting spent in this place.
 E = Time spent auto-exploring this place.
 F = Levels seen in this place.
 G = Mean time per level.
                   A        B        C        D        E       F      G
               +--------+--------+--------+--------+--------+-----+--------+
         Total |   3161 |   3121 |     40 |      0 |   2501 |   5 |  632.2 |
       Dungeon |   3161 |   3121 |     40 |      0 |   2501 |   5 |  632.2 |
               +--------+--------+--------+--------+--------+-----+--------+

Top non-repeatable levels by time:
     D:2: 1092 daAuts
     D:1: 973 daAuts
     D:4: 560 daAuts
     D:3: 480 daAuts
     D:5: 53 daAuts
